 Dungeon Crawl Stone Soup version 0.29.1-2-gbd0b4ee654 (webtiles) character file.

Game seed: 4966143485517056025

42 safid the Shooter (level 3, -1/33 HPs)
             Began as a Minotaur Hunter on Nov 8, 2022.
             Slain by Sigmund
             ... wielding a +0 scythe
              (5 damage)
             ... on level 2 of the Dungeon.
             The game lasted 00:03:59 (587 turns).

safid the Shooter (Minotaur Hunter)                  Turns: 587, Time: 00:04:00

Health: -1/33      AC:  4    Str: 15    XL:     3   Next: 35%
Magic:  2/2        EV: 12    Int:  6    God:
Gold:   51         SH:  0    Dex: 15    Spells: 2/2 levels left

rFire   . . .      SeeInvis .   a - +0 shortbow
rCold   . . .      Faith    .   (shield currently unavailable)
rNeg    . . .      Spirit   .   c - +0 leather armour
rPois   .          Reflect  .   (helmet restricted)
rElec   .          Harm     .   (no cloak)
rCorr   .          Rampage  .   e - +0 pair of gloves
Will    .....                   (no boots)
Stlth   +.........              (no amulet)
HPRegen 0.11/turn               (no ring)
MPRegen 0.08/turn               (no ring)

@: no status effects
A: horns 2, retaliatory headbutt
a: no special abilities


You were on level 2 of the Dungeon.
You visited 1 branch of the dungeon, and saw 2 of its levels.

You collected 51 gold pieces.

Inventory:

Hand Weapons
 a - a +0 shortbow (weapon)
Armour
 c - a +0 leather armour (worn)
 e - a +0 pair of gloves (worn)
Scrolls
 b - a scroll of immolation
 d - 3 scrolls of amnesia {unknown}
 f - 4 scrolls of identify {unknown}
 g - 3 scrolls of teleportation {unknown}
 h - a scroll of poison {unknown}


   Skills:
 + Level 3.7 Fighting
 + Level 5.1 Ranged Weapons
 - Level 2.1 Dodging
 - Level 0.7 Stealth


You had 2 spell levels left.
You didn't know any spells.
Your spell library was empty.

Dungeon Overview and Level Annotations

Branches:
Dungeon (2/15)

Altars:

Annotations:
D:2 Sigmund


Innate Abilities, Weirdness & Mutations

You have a pair of horns on your head.
You reflexively headbutt those who attack you in melee.


Message History

Look: Sigmund, wielding a +0 scythe and wearing a +0 robe (heavily wounded)
You shoot an arrow.
You feel less confused.
Fire: a) +0 shortbow
Press: ? - help, Q - select action Shift-Dir - straight line, f/p - Sigmund
Aim: Sigmund, wielding a +0 scythe and wearing a +0 robe (heavily wounded, 58% to hit)
You shoot an arrow. The arrow barely misses Sigmund.
A goblin comes into view. It is wielding a +0 dagger.
Sigmund hits you from afar with a +0 scythe.
* * * LOW HITPOINT WARNING * * *
Fire: a) +0 shortbow
Press: ? - help, Q - select action Shift-Dir - straight line, f/p - Sigmund
Aim: Sigmund, wielding a +0 scythe and wearing a +0 robe (heavily wounded, 58% to hit)
You shoot an arrow. The arrow hits Sigmund!
Sigmund is almost dead.
Sigmund points at you and mumbles some strange words.
The magic dart hits you.
* * * LOW HITPOINT WARNING * * *
Unknown command.
You aren't carrying any potions.
Fire: a) +0 shortbow
Press: ? - help, Q - select action Shift-Dir - straight line, f/p - Sigmund
Aim: Sigmund, wielding a +0 scythe and wearing a +0 robe (almost dead, 58% to hit)
You shoot an arrow. The arrow closely misses Sigmund.
Sigmund barely misses you.
Fire: a) +0 shortbow
Press: ? - help, Q - select action Shift-Dir - straight line, f/p - Sigmund
Aim: Sigmund, wielding a +0 scythe and wearing a +0 robe (almost dead, 58% to hit)
You shoot an arrow.
The arrow hits Sigmund but does no damage.
Sigmund is almost dead.
Sigmund casts a spell.
Sigmund flickers and vanishes!
Deactivating autopickup; reactivate with Ctrl-A.
The goblin misses you.
Fire: a) +0 shortbow
Press: ? - help, Q - select action Shift-Dir - straight line You shoot an arrow.
Something hits you.
You die...

...........##.......#.
............#.#.#.#...
###########..........#
##.#.####### #...#
##..# #.{# ##.# #@#
#g.# #).# #..# #...
#.##. #.# # #.#


You could see a goblin.

Vanquished Creatures
  An adder (D:2)
  A worm (D:2)
  A dart slug (D:2)
  4 ball pythons (D:1)
  3 bats
  5 endoplasms
  3 goblins
  2 hobgoblins (D:1)
  3 quokkas
  3 rats
26 creatures vanquished.

Notes
Turn   | Place    | Note
-------+----------+-------------------------------------------
     0 | D:1      | safid the Minotaur Hunter began the quest for the Orb.
     0 | D:1      | Reached XP level 1. HP: 18/18 MP: 0/0
    51 | D:1      | Found a faded altar of an unknown god.
   134 | D:1      | Reached XP level 2. HP: 26/26 MP: 1/1
   520 | D:2      | Reached skill level 5 in Ranged Weapons
   520 | D:2      | Reached XP level 3. HP: 31/31 MP: 2/2
   558 | D:2      | Noticed Sigmund
   587 | D:2      | Slain by Sigmund

Illustrated notes

Levels and vault maps discovered:
D:1:      dpeg_arrival_solitude, layout_loops_ring, basic_ecumenical_altar
D:2:      layout_basic, serial_glass, glass_columns_b, glass_columns_a,
          uniq_sigmund, uniq_crazy_yiuf_cottage, uniq_terence

Skill      XL: |  1  2 |
---------------+-------+-----
Fighting       | 3 |  3.7
Ranged Weapons | 5 |  5.1
Dodging        | |  2.1
Stealth        | |  0.7

Action                   || total
-------------------------++-------
Melee: Shortbow          ||     2
 Fire: Shortbow          ||    56
Armor: Leather armour    ||     3
Dodge: Dodged            ||    16
